 Dungeon Crawl Stone Soup version 0.28-a0-1199-gef9e1dbd39 (webtiles) character file.

Game seed: 830606751001471593

427 sanka the Slasher (level 6, -1/50 HPs)
             Began as a Palentonga Fighter on Dec 19, 2021.
             Killed by divine providence
             ... invoked by an orc priest
              (12 damage)
             ... on level 4 of the Dungeon.
             The game lasted 00:07:02 (4229 turns).

sanka the Slasher (Palentonga Fighter)              Turns: 4229, Time: 00:07:02

Health: -1/50      AC: 12    Str: 22    XL:     6   Next: 65%
Magic:  6/6        EV:  7    Int:  8    God:
Gold:   148        SH:  4    Dex:  9    Spells: 5/5 levels left

rFire   + . .      SeeInvis +   a - +0 long sword
rCold   + . .      Faith    .   c - +0 buckler
rNeg    . . .      Spirit   .   b - +0 scale mail
rPois   .          Reflect  .   j - +0 helmet
rElec   .          Harm     .   n - scarf {rC+ rF+}
rCorr   .          Rampage  .   k - +0 pair of gloves
Will    .....                   (no barding)
Stlth   ..........              (no amulet)
HPRegen 0.16/turn               (no ring)
MPRegen 0.10/turn               o - +4 ring of protection

@: no status effects
A: large, rugged brown scales 3, see invisible, deformed body, roll 1, armoured
tail
a: Rolling Charge


You were on level 4 of the Dungeon.
You visited 1 branch of the dungeon, and saw 4 of its levels.

You collected 148 gold pieces.


Innate Abilities, Weirdness & Mutations

You are completely covered in rugged brown scales. (AC +3, +7% HP)
You have supernaturally acute eyesight. (SInv)
Armour fits poorly on your strangely shaped body.
You can roll at nearby foes to attack.
You have a long armoured tail.


   Skills:
 - Level 3.0 Fighting
 + Level 7.2 Long Blades
 - Level 2.4 Armour
 - Level 2.4 Shields


You had 5 spell levels left.
You didn't know any spells.
Your spell library was empty.

Inventory:

Hand Weapons
 a - a +0 long sword (weapon)
Missiles
 e - a throwing net {=f}
Armour
 b - a +0 scale mail (worn)
 c - a +0 buckler (worn)
 j - a +0 helmet (worn)
 k - a +0 pair of gloves (worn)
 n - a scarf of resistance (worn)
Jewellery
 o - a +4 ring of protection (right hand)
Wands
 p - a wand of digging (3)
 s - a wand of charming (7)
Scrolls
 f - a scroll of brand weapon {unknown}
 g - a scroll of enchant weapon
 l - a scroll of fear
 q - a scroll of silence {!r}
Potions
 d - 3 potions of might
 h - a potion of invisibility {unknown}
 i - a potion of attraction {unknown}
 m - a potion of heal wounds {unknown}
 r - 3 potions of degeneration {unknown}
 t - a potion of curing {unknown}
 u - a potion of brilliance {unknown}

Dungeon Overview and Level Annotations

Branches:
Dungeon (4/15)
 Temple: D:4-7

Altars:

Shops:
D:2

[ ▒▒▒▒▒.▒
▒................▒ ▒.....▒
▒▒▒▒▒▒▒▒.........▒ ▒.▒▒▒▒▒
▒▒▒▒▒▒.........▒ ▒.▒
▒..............▒
▒.▒▒▒▒▒▒▒▒▒▒.▒▒▒▒.).......▒
.........o.o.........▒▒▒▒▒▒
▒.▒▒▒▒<▒▒▒▒▒.▒▒▒▒▒▒▒.▒
▒....▒.▒▒▒▒▒o▒▒▒▒▒▒▒.▒▒
...........o..Y.H.>...▒ ▒..
▒▒▒▒.▒.▒..............▒ ▒.▒
▒.▒.▒.▒▒▒▒▒▒▒▒▒▒▒▒.▒▒▒.▒
▒.▒.▒.▒▒ ▒...........▒.▒
▒.▒....▒ ▒....^......▒.▒
▒▒▒▒.▒.▒▒.▒ ▒.......)...▒.▒
..▒▒.▒.▒▒.▒ ▒...........▒.▒
▒.▒▒.▒.▒▒.▒
▒...........▒.▒▒▒▒▒
▒.▒▒.▒.▒▒.▒
▒.................▒


You could see a yak, an orc priest and an orc.


Message History

There is a stone staircase leading up here.
There is a stone staircase leading up here.
Aiming: Charm
Aim: a yak (moderately wounded, chance to affect: 46%)
Okay, then.
There is a stone staircase leading up here.
Okay, then.
There is a stone staircase leading up here.
There is a stone staircase leading up here.
There is a stone staircase leading up here.
There is a stone staircase leading up here.
The yak gores you!
* * * LOW HITPOINT WARNING * * *
There is a stone staircase leading up, spattered with blood here.
There is a stone staircase leading up, spattered with blood here.
There is a stone staircase leading up, spattered with blood here.
An orc priest comes into view. It is wielding a +0 dagger.
The orc priest shouts!
The orc shouts!
The orc priest barely misses you.
The orc priest invokes the aid of Beogh against you.
Beogh smites you!
* * * LOW HITPOINT WARNING * * *
There is a stone staircase leading up, spattered with blood here.
The orc throws a stone.
The stone hits you.
* * * LOW HITPOINT WARNING * * *
The orc priest mumbles some strange prayers to Beogh against you.
Beogh smites you!
You die...

Action                   |  1- 3 |  4- 6 || total
-------------------------+-------+-------++-------
Melee: Long sword        |   119 |   191 ||   310
       Tailslap          |    11 |    19 ||    30
 Abil: Rolling Charge    |     7 |     7 ||    14
  Use: Scroll            |       |     3 ||     3
Armor: Scale mail        |    53 |   114 ||   167
Dodge: Dodged            |    27 |    61 ||    88
Block: Buckler           |    13 |    44 ||    57

Levels and vault maps discovered:
D:1:      amcnicky_arrival_underground_garden, layout_basic,
          corexii_hall_statues_u
D:2:      layout_loops_cross, serial_shops, shop,
          hellmonk_ecumenical_altar_run_dry
D:3:      layout_basic, nicolae_elevator_lobby_asterisk, uniq_natasha
D:4:      layout_basic, serial_shops, nicolae_shop_crystal

Notes
Turn   | Place    | Note
-------+----------+-------------------------------------------
     0 | D:1      | sanka the Palentonga Fighter began the quest for the Orb.
     0 | D:1      | Reached XP level 1. HP: 19/19 MP: 1/1
   107 | D:1      | Reached XP level 2. HP: 21/25 MP: 2/2
   195 | D:1      | Reached skill level 3 in Long Blades
   630 | D:1      | Reached XP level 3. HP: 31/31 MP: 3/3
  1052 | D:2      | Reached skill level 4 in Long Blades
  1105 | D:2      | Found a faded altar of an unknown god.
  1123 | D:2      | Found Ziaxkixo's Armour Shop.
  1552 | D:2      | Reached XP level 4. HP: 37/37 MP: 4/4
  1969 | D:2      | Reached skill level 5 in Long Blades
  2138 | D:2      | Identified a scarf of resistance
  2176 | D:2      | Reached XP level 5. HP: 42/43 MP: 5/5
  2497 | D:3      | Noticed Natasha
  2518 | D:3      | Killed Natasha
  2798 | D:3      | Noticed Natasha
  2805 | D:3      | Killed Natasha
  2806 | D:3      | Reached skill level 6 in Long Blades
  2952 | D:3      | Reached XP level 6. HP: 50/50 MP: 6/6
  3265 | D:3      | Noticed Natasha
  3271 | D:3      | Killed Natasha
  3308 | D:4      | Found Furiucet's Book Shop.
  3345 | D:4      | Noticed a yak
  3345 | D:4      | Noticed a yak
  3751 | D:4      | Reached skill level 7 in Long Blades
  3989 | D:4      | HP: 1/50 [yak (9)]
  4024 | D:4      | HP: 4/50 [yak (2)]
  4229 | D:4      | Killed from afar by an orc priest

Vanquished Creatures
  A water moccasin skeleton (D:4)
  2 hounds (D:4)
  A bullfrog skeleton (D:3)
  Natasha (thrice) (D:3)
  10 adders
  3 gnolls
  An adder skeleton (D:4)
  2 worms
  2 dart slugs
  2 orcs (D:4)
  11 ball pythons
  4 bats
  6 endoplasms
  A giant cockroach (D:2)
  9 goblins
  8 hobgoblins
  3 quokkas
  7 frilled lizards
  7 kobolds
  7 rats
90 creatures vanquished.
